BSA
ST. LOUIS BROWNS @ IRVINE GANG GREEN
07/24/2028
 
TOP OF THE 1ST
St. Louis Browns batting - Pitching for Irvine Gang Green : LHP Millard Curtis
Pitching: LHP Millard Curtis
Batting: RHB Carlos Alfaro 0-0: Ball
1-0: Called Strike
1-1: Swinging Strike
1-2: SINGLE (Flyball, 8LS)
Batting: RHB Jeff Jones 0-0: Ball
1-0: Swinging Strike
1-1: Ball
2-1: Called Strike
2-2: Ball
3-2: Strikes out swinging
Batting: LHB Robin Hill 0-0: Foul Ball, location: 2F
0-1: Foul Ball, location: 2F
0-2: Strikes out swinging
Batting: RHB António Venecia 0-0: Ball
1-0: Ball
2-0: Ball
3-0: Called Strike
3-1: Foul Ball, location: 2F
3-2: SINGLE (Line Drive, 6D)
Carlos Alfaro to second
Carlos Alfaro to third
Batting: LHB Bob Ware 0-0: Ball
1-0: Ball
2-0: Called Strike
2-1: Ground out U3 (Groundball, 3)
Top of the 1st over - 0 run(s), 2 hit(s), 0 error(s), 2 left on base; St. Louis 0 - Irvine 0
BOTTOM OF THE 1ST
Irvine Gang Green batting - Pitching for St. Louis Browns : RHP Bob Cunningham
Pitching: RHP Bob Cunningham
Batting: LHB José Sánchez 0-0: Swinging Strike
0-1: Called Strike
0-2: Foul Ball, location: 2F
0-2: Ball
1-2: Ball
2-2: SINGLE (Line Drive, 3S)
Batting: RHB Tom Doherty 0-0: Ball
1-0: Fly out, F8 (Flyball, 78D)
Batting: RHB Buck Jones 0-0: Called Strike
José Sánchez steals 2nd base
0-1: Fly out, F7 (Flyball, 7)
Batting: LHB Víctor Quiñones 0-0: Ball
1-0: Ground out 4-3 (Groundball, 34)
Bottom of the 1st over - 0 run(s), 1 hit(s), 0 error(s), 1 left on base; St. Louis 0 - Irvine 0
TOP OF THE 2ND
St. Louis Browns batting - Pitching for Irvine Gang Green : LHP Millard Curtis
Batting: SHB David Johnstone 0-0: Ball
1-0: Swinging Strike
1-1: Fly out, F2 (Popup, 13)
Batting: RHB Adrian Prouse 0-0: Ball
1-0: Called Strike
1-1: Ball
2-1: Foul Ball, location: 2F
2-2: Foul Ball, location: 2F
2-2: Foul Ball, location: 2F
2-2: Foul Ball, location: 2F
2-2: Ball
3-2: Strikes out swinging
Batting: LHB Dave Watson 0-0: Ground out 4-3 (Groundball, 4)
Top of the 2nd over - 0 run(s), 0 hit(s), 0 error(s), 0 left on base; St. Louis 0 - Irvine 0
BOTTOM OF THE 2ND
Irvine Gang Green batting - Pitching for St. Louis Browns : RHP Bob Cunningham
Batting: RHB Eichiro Yamamoto 0-0: Ball
1-0: Ball
2-0: Fly out, F9 (Flyball, 9LSF)
Batting: LHB Leonardo Medina 0-0: Ball
1-0: Called Strike
1-1: Ball
2-1: Foul Ball, location: 2F
2-2: Ground out 4-3 (Groundball, 4)
Batting: RHB José Salazar 0-0: Ball
1-0: Foul Ball, location: 2F
1-1: Foul Ball, location: 2F
1-2: Ball
2-2: Foul Ball, location: 2F
2-2: Fly out, F6 (Line Drive, 6)
Bottom of the 2nd over - 0 run(s), 0 hit(s), 0 error(s), 0 left on base; St. Louis 0 - Irvine 0
TOP OF THE 3RD
St. Louis Browns batting - Pitching for Irvine Gang Green : LHP Millard Curtis
Batting: RHB Domingo Romero 0-0: Called Strike
0-1: Ball
1-1: Ball
2-1: Ball
3-1: Base on Balls
Batting: RHB Carlos Alfaro 0-0: Called Strike
0-1: Fly out, F4 (Popup, 4D)
Batting: RHB Jeff Jones 0-0: Swinging Strike
0-1: Ball
1-1: Foul Ball, location: 2F
1-2: Fly out, F8 (Flyball, 89S)
Batting: LHB Robin Hill 0-0: Called Strike
0-1: Ball
1-1: Foul Ball, location: 2F
1-2: Fly out, F7 (Flyball, 7LM)
Top of the 3rd over - 0 run(s), 0 hit(s), 0 error(s), 1 left on base; St. Louis 0 - Irvine 0
BOTTOM OF THE 3RD
Irvine Gang Green batting - Pitching for St. Louis Browns : RHP Bob Cunningham
Batting: LHB Tom Baker 0-0: Ball
1-0: Ball
2-0: Fly out, F8 (Flyball, 8LM)
Batting: RHB Aaron Wilson 0-0: Fly out, F2 (Popup, 15S)
Batting: LHB José Sánchez 0-0: Called Strike
0-1: TRIPLE (Line Drive, 3L)
Batting: RHB Tom Doherty 0-0: Ball
1-0: Swinging Strike
1-1: Fly out, F7 (Flyball, 78M)
Bottom of the 3rd over - 0 run(s), 1 hit(s), 0 error(s), 1 left on base; St. Louis 0 - Irvine 0
TOP OF THE 4TH
St. Louis Browns batting - Pitching for Irvine Gang Green : LHP Millard Curtis
Batting: RHB António Venecia 0-0: Called Strike
0-1: Ground out 6-3 (Groundball, 6M)
Batting: LHB Bob Ware 0-0: Called Strike
0-1: Called Strike
0-2: Ball
1-2: Ball
2-2: Fly out, F7 (Flyball, 78D)
Batting: SHB David Johnstone 0-0: Ball
1-0: Ball
2-0: Foul Ball, location: 2F
2-1: Called Strike
2-2: Ball
3-2: Fly out, F9 (Flyball, 9LS)
Top of the 4th over - 0 run(s), 0 hit(s), 0 error(s), 0 left on base; St. Louis 0 - Irvine 0
BOTTOM OF THE 4TH
Irvine Gang Green batting - Pitching for St. Louis Browns : RHP Bob Cunningham
Batting: RHB Buck Jones 0-0: Called Strike
0-1: Ball
1-1: Ball
2-1: Swinging Strike
2-2: Strikes out swinging
Batting: LHB Víctor Quiñones 0-0: Foul Ball, location: 2F
0-1: Ball
1-1: Ball
2-1: Fly out, F7 (Flyball, 7S)
Batting: RHB Eichiro Yamamoto 0-0: Ball
1-0: Ball
2-0: Swinging Strike
2-1: Foul Ball, location: 2F
2-2: Foul Ball, location: 2F
2-2: Strikes out swinging
Bottom of the 4th over - 0 run(s), 0 hit(s), 0 error(s), 0 left on base; St. Louis 0 - Irvine 0
TOP OF THE 5TH
St. Louis Browns batting - Pitching for Irvine Gang Green : LHP Millard Curtis
Batting: RHB Adrian Prouse 0-0: Swinging Strike
0-1: Hit by Pitch
Batting: LHB Dave Watson 0-0: Ball
1-0: Ball
Adrian Prouse steals 2nd base
2-0: Called Strike
2-1: Ball
3-1: Ground out 4-3 (Groundball, 4)
Adrian Prouse to third
Batting: RHB Domingo Romero 0-0: Called Strike
0-1: Called Strike
0-2: Ball
1-2: Ball
2-2: Foul Ball, location: 2F
2-2: Foul Ball, location: 2F
2-2: Fly out, F9 (Flyball, 9LM)
Runner from 3rd tags up, SCORES, no throw
Batting: RHB Carlos Alfaro 0-0: Ball
1-0: Called Strike
1-1: Ball
2-1: Ball
3-1: Base on Balls
Batting: RHB Jeff Jones 0-0: Ball
1-0: Called Strike
1-1: Called Strike
Carlos Alfaro steals 2nd base
1-2: 2-RUN HOME RUN (Flyball, 7D), Distance : 410 ft
Batting: LHB Robin Hill 0-0: Ball
1-0: Swinging Strike
1-1: Ball
2-1: Reached on error, E4 (Groundball, 34)
Batting: RHB António Venecia 0-0: Called Strike
0-1: Ground out 1-3 (Groundball, 13S)
Top of the 5th over - 3 run(s), 1 hit(s), 1 error(s), 1 left on base; St. Louis 3 - Irvine 0
BOTTOM OF THE 5TH
Irvine Gang Green batting - Pitching for St. Louis Browns : RHP Bob Cunningham
Batting: LHB Leonardo Medina 0-0: Ball
1-0: Called Strike
1-1: Fly out, F4 (Line Drive, 34)
Batting: RHB José Salazar 0-0: Foul Ball, location: 2F
0-1: Foul Ball, location: 2F
0-2: Ball
1-2: SINGLE (Groundball, 6D)
Batting: LHB Tom Baker 0-0: Called Strike
0-1: Foul Ball, location: 2F
0-2: Fly out, F7 (Line Drive, 78M)
Now in LF: Mario Rosales
Batting: RHB Aaron Wilson 0-0: Ball
1-0: Ball
2-0: Called Strike
2-1: Ball
3-1: Foul Ball, location: 2F
3-2: Foul Ball, location: 2F
3-2: Ground out U3 (Groundball, 34)
Bottom of the 5th over - 0 run(s), 1 hit(s), 0 error(s), 1 left on base; St. Louis 3 - Irvine 0
TOP OF THE 6TH
St. Louis Browns batting - Pitching for Irvine Gang Green : LHP Millard Curtis
Batting: LHB Bob Ware 0-0: Ball
1-0: Called Strike
1-1: Ball
2-1: DOUBLE (Line Drive, 9LM)
Batting: SHB David Johnstone 0-0: Ground out 6-3 (Groundball, 6)
Batting: RHB Mario Rosales 0-0: SINGLE (Line Drive, 6D)
Bob Ware to third
Batting: LHB Dave Watson 0-0: Called Strike
0-1: Swinging Strike
0-2: Ball
1-2: DOUBLE (Line Drive, 9LS)
Bob Ware scores
Mario Rosales to third
Pitching: RHP Germán Pérez
Batting: RHB Domingo Romero 0-0: Ball
1-0: Ball
2-0: Ball
3-0: Called Strike
3-1: Fly out, F8 (Flyball, 8RS)
Runner from 3rd tags up, SCORES, no throw
Batting: RHB Carlos Alfaro 0-0: Swinging Strike
0-1: Foul Ball, location: 2F
0-2: Ground out 1-3 (Groundball, 15S)
Top of the 6th over - 2 run(s), 3 hit(s), 0 error(s), 1 left on base; St. Louis 5 - Irvine 0
BOTTOM OF THE 6TH
Irvine Gang Green batting - Pitching for St. Louis Browns : RHP Bob Cunningham
Batting: LHB José Sánchez 0-0: Ground out U3 (Groundball, 34)
Batting: RHB Tom Doherty 0-0: Called Strike
0-1: Swinging Strike
0-2: Fly out, F8 (Flyball, 78M)
Batting: RHB Buck Jones 0-0: Ball
1-0: Called Strike
1-1: Ball
2-1: Ball
3-1: Foul Ball, location: 2F
3-2: Foul Ball, location: 2F
3-2: Fly out, F9 (Flyball, 9)
Bottom of the 6th over - 0 run(s), 0 hit(s), 0 error(s), 0 left on base; St. Louis 5 - Irvine 0
TOP OF THE 7TH
St. Louis Browns batting - Pitching for Irvine Gang Green : RHP Germán Pérez
Batting: RHB Jeff Jones 0-0: Called Strike
0-1: Swinging Strike
0-2: Foul Ball, location: 2F
0-2: Ground out 5-3 (Groundball, 56)
Batting: LHB Robin Hill 0-0: Foul Ball, location: 2F
0-1: Ball
1-1: Ball
2-1: Ball
3-1: Base on Balls
Batting: RHB António Venecia 0-0: Called Strike
Robin Hill steals 2nd base
0-1: Reached on error, E5 (Groundball, 5S)
Robin Hill to third
Batting: LHB Bob Ware 0-0: Foul Ball, location: 2F
0-1: Ball
1-1: Ball
2-1: Swinging Strike
2-2: Strikes out swinging
Batting: SHB David Johnstone 0-0: Fly out, F7 (Line Drive, 7)
Top of the 7th over - 0 run(s), 0 hit(s), 1 error(s), 2 left on base; St. Louis 5 - Irvine 0
BOTTOM OF THE 7TH
Irvine Gang Green batting - Pitching for St. Louis Browns : RHP Bob Cunningham
Batting: LHB Víctor Quiñones 0-0: Ground out 4-3 (Groundball, 4)
Batting: RHB Eichiro Yamamoto 0-0: Ball
1-0: Ground out 4-3 (Groundball, 4)
Batting: LHB Leonardo Medina 0-0: Foul Ball, location: 2F
0-1: Ball
1-1: Called Strike
1-2: Ball
2-2: Foul Ball, location: 2F
2-2: Ground out 4-3 (Groundball, 4)
Bottom of the 7th over - 0 run(s), 0 hit(s), 0 error(s), 0 left on base; St. Louis 5 - Irvine 0
TOP OF THE 8TH
St. Louis Browns batting - Pitching for Irvine Gang Green : RHP Germán Pérez
Batting: RHB Mario Rosales 0-0: Ball
1-0: Called Strike
1-1: SINGLE (Flyball, 8LS)
Batting: LHB Dave Watson 0-0: Called Strike
0-1: Swinging Strike
0-2: Foul Ball, location: 2F
0-2: Strikes out swinging
Batting: RHB Domingo Romero 0-0: Called Strike
Mario Rosales is caught stealing 2nd base
0-1: Foul Ball, location: 2F
0-2: Strikes out swinging
Top of the 8th over - 0 run(s), 1 hit(s), 0 error(s), 0 left on base; St. Louis 5 - Irvine 0
BOTTOM OF THE 8TH
Irvine Gang Green batting - Pitching for St. Louis Browns : RHP Bob Cunningham
Batting: RHB José Salazar 0-0: Ball
1-0: Called Strike
1-1: Foul Ball, location: 2F
1-2: Fly out, F5 (Line Drive, 5S)
Batting: LHB Tom Baker 0-0: Called Strike
0-1: Foul Ball, location: 2F
0-2: Foul Ball, location: 2F
0-2: Ball
1-2: Ball
2-2: Fly out, F1 (Line Drive, 13)
Batting: RHB Aaron Wilson 0-0: Foul Ball, location: 2F
0-1: Ball
1-1: Swinging Strike
1-2: Ground out 3-1 (Groundball, 34S)
Bottom of the 8th over - 0 run(s), 0 hit(s), 0 error(s), 0 left on base; St. Louis 5 - Irvine 0
TOP OF THE 9TH
St. Louis Browns batting - Pitching for Irvine Gang Green : RHP Germán Pérez
Batting: RHB Carlos Alfaro 0-0: Ball
1-0: Foul Ball, location: 2F
1-1: Ball
2-1: Ball
3-1: Called Strike
3-2: Base on Balls
Pitching: LHP Yu-shu Kong
Batting: RHB Jeff Jones 0-0: Called Strike
0-1: Fly out, F8 (Flyball, 8RD)
Batting: LHB Robin Hill 0-0: Ball
1-0: Ball
2-0: SINGLE (Line Drive, 8LS)
Carlos Alfaro to second
Batting: RHB António Venecia 0-0: Ball
1-0: Called Strike
1-1: Swinging Strike
1-2: SINGLE (Line Drive, 34)
Carlos Alfaro to third
Robin Hill to second
Runner from 3rd tries for Home, throw and OUT!
Batting: LHB Bob Ware 0-0: Ball
1-0: Called Strike
1-1: Ball
2-1: Ball
3-1: SINGLE (Groundball, 4S) (infield hit)
Robin Hill to third
António Venecia to second
Batting: SHB David Johnstone 0-0: Foul Ball, location: 2F
0-1: Swinging Strike
0-2: Fly out, F9 (Flyball, 9LS)
Top of the 9th over - 0 run(s), 3 hit(s), 0 error(s), 3 left on base; St. Louis 5 - Irvine 0
BOTTOM OF THE 9TH
Irvine Gang Green batting - Pitching for St. Louis Browns : RHP Bob Cunningham
Batting: LHB José Sánchez 0-0: Ball
1-0: Swinging Strike
1-1: DOUBLE (Line Drive, 9LD)
Batting: RHB Tom Doherty 0-0: Swinging Strike
0-1: Fly out, F2 (Popup, 13S)
Batting: RHB Buck Jones 0-0: Foul Ball, location: 2F
0-1: Ball
1-1: Ball
2-1: Foul Ball, location: 2F
2-2: TRIPLE (Line Drive, 9LS)
José Sánchez scores
Batting: LHB Víctor Quiñones 0-0: Called Strike
0-1: Ball
1-1: Foul Ball, location: 2F
1-2: Ball
2-2: Fly out, F9 (Line Drive, 9)
Runner from 3rd tags up, SCORES, throw made
Batting: RHB Eichiro Yamamoto 0-0: Swinging Strike
0-1: Ball
1-1: SOLO HOME RUN (Flyball, 9D), Distance : 403 ft
Pitching: RHP António López
Batting: LHB Leonardo Medina 0-0: Called Strike
0-1: Foul Ball, location: 2F
0-2: Ball
1-2: Ball
2-2: Foul Ball, location: 2F
2-2: Foul Ball, location: 2F
2-2: Foul Ball, location: 2F
2-2: Ball
3-2: Foul Ball, location: 2F
3-2: Fly out, F7 (Line Drive, 78M)
Bottom of the 9th over - 3 run(s), 3 hit(s), 0 error(s), 0 left on base; St. Louis 5 - Irvine 3
Tuesday, August 8th, 2017 - OOTP Baseball 17.12 Build 75